General information
			
			
        
        - name: BNet
 
        - type: Ladder 1vs1/FFA
 
        - host: Battle.net
 
        - saver: DirtMcGirt
 
        
map: TerenasStand 
        - players: 2
 
        - length: 17:32
 
        - speed: Fast
 - version: 1.22 W3XP
 - replay type:  Public
 
» download(51 KB)
Players
        team 1 (loser) 
              
              
gahtzu (
yellow | 51 APM | 888 actions | 17:30)
              
 2 Dreadlord 
 1 Sleep
 1 Vampiric Aura
 
                » actions 
                
                | Assign group hotkey | 20 |  | 
| Build / train | 54 |  | 
| Enter build submenu | 12 |  | 
| Enter hero's abilities submenu | 2 |  | 
| Remove unit from queue | 1 |  | 
| Right click | 385 |  | 
| Select / deselect | 185 |  | 
| Select group hotkey | 201 |  | 
| Use ability | 28 |  | 
                888 total
 » units 
                
                | Acolyte | 10 |  | 
| Ghoul | 20 |  | 
| Crypt Fiend | 7 |  | 
| Gargoyle | 2 |  | 
                39 total
 » upgrades
                
                | Unholy Armor | 1 |  | 
| Web | 1 |  | 
| Creature Carapace | 1 |  | 
| Creature Attack | 1 |  | 
                4 total
 » buildings
                
                | Crypt | 2 |  | 
| Ziggurat | 4 |  | 
| Nerubian Tower | 2 |  | 
| Altar of Darkness | 1 |  | 
| Graveyard | 1 |  | 
| Halls of the Dead | 1 |  | 
| Tomb of Relics | 1 |  | 
| Slaughterhouse | 1 |  | 
| Spirit Tower | 2 |  | 
                15 total
 » build order
                00:12 Crypt
00:14 Crypt
00:38 Ziggurat
01:05 Ziggurat
02:26 Nerubian Tower
04:01 Ziggurat
05:01 Altar of Darkness
05:31 Graveyard
07:14 Halls of the Dead
08:22 Ziggurat
08:35 Tomb of Relics
10:33 Slaughterhouse
10:36 Spirit Tower
12:35 Spirit Tower
12:38 Nerubian Tower
» items
                
                | Rod of Necromancy | 1 |  | 
| Potion of Healing | 1 |  | 
                2 total
  
               team 2 (winner) 
              
              
» 
DirtMcGirt (
teal | 81 APM | 1425 actions | 17:32)
              
 5 Blademaster 
 3 Wind Walk
 2 Critical Strike
 2 Tauren Chieftain 
 1 Shockwave
 1 Endurance Aura
 
                » actions 
                
                | Assign group hotkey | 10 |  | 
| Build / train | 63 |  | 
| Enter build submenu | 12 |  | 
| Enter hero's abilities submenu | 7 |  | 
| Remove unit from queue | 2 |  | 
| Right click | 734 |  | 
| Select / deselect | 456 |  | 
| Select group hotkey | 81 |  | 
| Use ability | 60 |  | 
                1425 total
 » units 
                
                | Peon | 8 |  | 
| Grunt | 13 |  | 
| Goblin Zeppelin | 1 |  | 
| Raider | 10 |  | 
| Troll Batrider | 1 |  | 
                33 total
 » upgrades
                
                | Berserker Strength | 1 |  | 
| Ensnare | 1 |  | 
| Armor | 1 |  | 
| Pillage | 1 |  | 
                4 total
 » buildings
                
                | Altar of Storms | 1 |  | 
| Orc Burrow | 4 |  | 
| Barracks | 1 |  | 
| Voodoo Lounge | 2 |  | 
| War Mill | 1 |  | 
| Stronghold | 2 |  | 
| Beastiary | 1 |  | 
                12 total
 » build order
                00:09 Altar of Storms
00:13 Orc Burrow
00:34 Barracks
01:41 Orc Burrow
02:05 Voodoo Lounge
03:23 Orc Burrow
04:01 War Mill
05:22 Stronghold
05:22 Stronghold
05:33 Orc Burrow
07:36 Voodoo Lounge
08:00 Beastiary
» items
                
                | Lesser Clarity Potion | 3 |  | 
| Healing Salve | 3 |  | 
| Scroll of Speed | 2 |  | 
| Potion of Healing | 1 |  | 
| Scroll of Town Portal | 1 |  | 
                10 total
  
                Chat log
          (00:41 / All) DirtMcGirt: gl hf
(00:46 / All) gahtzu: same
(01:17 / All) DirtMcGirt: u good?
(01:27 / All) gahtzu: id like to think so
(01:44 / All) DirtMcGirt: u like killer mike?
(01:53 / All) gahtzu: not into this game
(01:58 / All) DirtMcGirt: no the artist
(02:03 / All) gahtzu: dnt know ladders
(02:05 / All) gahtzu: oo
(02:14 / All) gahtzu: guess not
(10:34 / All) DirtMcGirt: Wow
(10:39 / All) DirtMcGirt: Crazy fjrkin game bro
(10:43 / All) gahtzu: lol
(10:45 / All) gahtzu: word
(13:08 / All) gahtzu: damn
(13:31 / All) DirtMcGirt: pheeew
(13:33 / All) DirtMcGirt: crazt
(13:35 / All) gahtzu: lol
(13:42 / All) DirtMcGirt: fun so far
(13:46 / All) gahtzu: yea
(13:54 / All) gahtzu: orc> ud
(13:56 / All) gahtzu: in the end
(14:03 / All) DirtMcGirt: i hope
(14:06 / All) gahtzu: lol
(16:48 / All) gahtzu: nice
(16:51 / All) gahtzu: think u got me
(16:53 / All) DirtMcGirt: gg
(17:20 / All) gahtzu: yep
(17:24 / All) gahtzu: no zigs no food no acs
(17:25 / All) gahtzu: gg
(17:27 / All) DirtMcGirt: gg